[-], lawful male human Archeologist ----- -- |...------ ------ ...--.......... ..|..+.-- -...*......... ...|.f...-----.---........ ...@.---.......- --.|.|.. ..n--- |^........ ---- - .. --------- [-] the Investigator Experience level: 6 Strength: 12 Dexterity: 8 Constitution: 13 Intelligence: 15 Wisdom: 17 Charisma: 11 Health: 0(37) Energy: 28(28) Def: 10 Gold: 862 Moves: 3761 Dungeon seed: 8lEVxELggfX0ooVn Game ID: [-]_1527597030 Your Inventory: Coins $ - 862 gold pieces Weapons a - a +2 bullwhip (weapon in hand) o - a +0 boomerang C - a +0 dwarvish mattock (alternate weapon; not wielded) I - 5 +0 darts (in quiver) K - 5 +0 daggers Armor q - an uncursed +0 dwarvish iron helm (being worn) y - an uncursed +0 dwarvish cloak (being worn) N - an uncursed +0 pair of iron shoes (being worn) Y - an uncursed +0 dwarvish mithril-coat (being worn) Comestibles b - an uncursed food ration w - an uncursed candy bar Scrolls m - an uncursed scroll of remove curse A - a cursed scroll of earth Potions G - an uncursed potion of water Tools d - a tinning kit (0:41) g - an uncursed oil lamp (lit) (0:952) B - an uncursed lock pick D - 9 uncursed tallow candles (0:200) E - a blessed partly used tallow candle (0:8) H - an uncursed mirror Gems e - an uncursed garnet stone n - an uncursed black opal r - an uncursed touchstone Spells and supernatural/magical abilities: Name Level Category Fail Memory W - pray for help -- divine ? -- Your skills at the end: Fighting Skills Weapon Skills pick-axe [Basic] whip [Basic] Spellcasting Skills Final Attributes: You were piously aligned. You were stealthy. You were fast. You were lucky. You are dead. Vanquished creatures: 2 imps a water nymph a mountain nymph 2 shriekers 3 gnome lords a floating eye 2 dwarves 4 hill orcs 2 dwarf zombies 2 iguanas 7 killer bees an acid blob 3 coyotes 2 gas spores a hobbit a hobgoblin 4 giant rats 2 brown molds a yellow mold 14 gnomes 2 gnome zombies a gecko 5 jackals a fox 4 goblins 5 sewer rats 3 grid bugs 3 kobold zombies 4 newts 84 creatures vanquished. Voluntary challenges: You used a wielded weapon 87 times, starting on turn 99. You read items or engraved 4 times, starting on turn 64. You never genocided any monsters. You never polymorphed an object. You changed form 1 time, starting on turn 2175. You used no wishes. You never split a pudding. You wrote Elbereth's name 2 times, starting on turn 1933. You never violated your personal moral code. Dungeon overview: The Dungeons of Doom: levels 1 to 4 Level 1 a fountain a long staircase Level 2 an altar to Camaxtli, a fountain Level 3 an altar to Camaxtli, some fountains Level 4 a weapon shop stairs to The Gnomish Mines The Gnomish Mines: levels 5 to 6 Level 5 stairs to The Dungeons of Doom Level 6 <- You were here History has recorded: On T:1 you entered the Dungeons of Doom to retrieve the Amulet of Yendor! On T:806 you advanced to experience level 2. On T:833 you reached level 2 of The Dungeons of Doom. On T:1448 you advanced to experience level 3. On T:1633 you reached level 3 of The Dungeons of Doom. On T:2038 you reached level 4 of The Dungeons of Doom. On T:2302 you reached level 1 of The Gnomish Mines. On T:2323 you advanced to experience level 4. On T:2470 you advanced to experience level 5. On T:3028 you advanced to experience level 6. On T:3606 you reached level 2 of The Gnomish Mines. Score breakdown: Gold: 862 ( 9987 points) Experience: 6 levels (12456 points) Exploration: 6 levels ( 12.00%) ( 9583 points) Discoveries: 8 items ( 2.69%) ( 4923 points) Valuables value: (no points given unless you survive) Artifact value: 0 ( 0 points) Variety of kills: 29 monsters ( 7.61%) ( 8276 points) Turncount: 3761 turns ( -933 points) Survival: died (score multiplied by 80%) Total score: 35433 Latest messages: This gnome corpse tastes terrible! You finish eating the gnome corpse. There is a staircase up here. You see here a violet spellbook. You hear some noises in the distance. Your lamp is now off. You hear some noises in the distance. You finish waiting. You hear some noises. You hear some noises in the distance. You hear some noises. You hear some noises in the distance. You hear some noises. You finish waiting. (4x) Your lamp is now on. The water nymph drinks a brilliant blue potion! The water nymph is suddenly moving faster. The water nymph zaps a wand of cold! The bolt of cold hits you! Your golden potion freezes and shatters! The bolt of cold bounces! The water nymph zaps a wand of cold! The bolt of cold hits you! You die... Final status: Goodbye [-] the Archeologist, killed by a bolt of cold... You died in The Gnomish Mines on dungeon level 6 with 35433 points, and 862 pieces of gold, after 3761 moves. You were level 6 with a maximum of 37 hit points when you died.